 Dungeon Crawl Stone Soup version 0.29-a0-483-g69413ace17 (webtiles) character file.

Game seed: 9435054953776299936

2933 zeratav the Grappler (level 9, 0/92 HPs)
             Began as a Troll Fighter on May 25, 2022.
             Was a Priest of Okawaru.
             Slain by a kobold
             ... wielding a +1 dagger of speed
              (2 damage)
             ... on level 7 of the Dungeon on May 26, 2022.
             The game lasted 00:09:37 (5047 turns).

zeratav the Grappler (Troll Fighter)                Turns: 5047, Time: 00:09:38

Health: 0/92       AC:  5    Str: 30    XL:     9   Next: 51%
Magic:  8/8        EV:  8    Int: 10    God:    Okawaru [***...]
Gold:   290        SH:  7    Dex:  9    Spells: 8/8 levels left

rFire   . . .      SeeInvis .     - Unarmed
rCold   . . .      Faith    .   b - +0 kite shield
rNeg    . . .      Spirit   .   a - +0 robe
rPois   +          Reflect  .   (helmet restricted)
rElec   .          Harm     .   j - +0 cloak
rCorr   .          Rampage  .   (gloves unavailable)
Will    .....                   (boots unavailable)
Stlth   +.........              f - amulet of regeneration {@e2}
HPRegen 1.85/turn               o - +6 ring of intelligence
MPRegen 0.11/turn               r - ring of poison resistance

@: mighty
A: large, unfitting armour, claws 3, regeneration 1, shaggy fur 1, tough skin 1
a: Renounce Religion, Heroism


You were on level 7 of the Dungeon.
You worshipped Okawaru.
Okawaru was most pleased with you.
You visited 2 branches of the dungeon, and saw 8 of its levels.

You collected 290 gold pieces.


Innate Abilities, Weirdness & Mutations

You are too large for most types of armour.
You have claws for hands.
Your natural rate of healing is unusually fast.
You are covered in fur. (AC +1)
You have tough skin. (AC +1)


   Skills:
 + Level 6.9 Fighting
 - Level 2.4 Dodging
 - Level 2.6 Shields
 - Level 11.0 Unarmed Combat


You had 8 spell levels left.
You didn't know any spells.
Your spell library contained the following spells:

 Spells                   Type           Power      Damage    Failure   Level
 Foxfire                  Conj/Fire      0%         2x1d4     67%         1
 Dazzling Flash           Conj/Hex       0%         N/A       95%         3
 Ignite Poison            Fire/Tmut/Pois 0%         N/A       95%         3
 Mephitic Cloud           Conj/Pois/Air  0%         N/A       95%         3
 Iskenderun's Mystic Bla  Conj/Tloc      0%         2d3       100%        4
 Freezing Cloud           Conj/Ice/Air   0%         6-21      100%        5
 Conjure Ball Lightning   Conj/Air       0%         3x3d6     100%        6
 Starburst                Conj/Fire      0%         6d3       100%        6
 Discord                  Hex            0%         N/A       100%        8
 Disjunction              Tloc           0%         N/A       100%        8

Inventory:

Hand Weapons
 x - a +2 flail of holy wrath {mace}
   (You took it off a gnoll on level 4 of the Dungeon)
Armour
 a - a +0 robe (worn)
 b - a +0 kite shield (worn)
 j - a +0 cloak (worn)
   (You found it on level 1 of the Dungeon)
 m - a +0 robe
   (You took it off a wight on level 6 of the Dungeon)
 H - a +0 robe of fire resistance
   (You took it off a wight on level 6 of the Dungeon)
 I - a +0 robe
   (You took it off a wight on level 6 of the Dungeon)
 J - a +0 robe
   (You took it off a wight on level 6 of the Dungeon)
 L - a +0 robe
   (You took it off an orc wizard on level 7 of the Dungeon)
 M - a +0 robe
   (You took it off an orc wizard on level 7 of the Dungeon)
 N - a +0 robe
   (You took it off an orc wizard on level 7 of the Dungeon)
Jewellery
 f - an amulet of regeneration (around neck) {@e2}
   (You found it on level 1 of the Dungeon)
 o - a +6 ring of intelligence (left claw)
   (You found it on level 3 of the Dungeon)
 r - a ring of poison resistance (right claw)
   (You found it on level 3 of the Dungeon)
 E - a ring of magical power
   (You found it on level 6 of the Dungeon)
 F - a ring of magical power
   (You found it on level 6 of the Dungeon)
Wands
 s - a wand of polymorph (6)
   (You found it on level 3 of the Dungeon)
Scrolls
 d - 2 scrolls of fog {unknown}
 e - 4 scrolls of identify {unknown}
 g - 2 scrolls of enchant armour {unknown}
 h - 2 scrolls of teleportation {unknown}
 i - a scroll of enchant weapon {unknown}
 k - a scroll of poison {unknown}
 l - a scroll of vulnerability {unknown}
 n - 4 scrolls of fear {unknown}
 u - 2 scrolls of amnesia {unknown}
 y - a scroll of brand weapon {unknown}
 C - a scroll of blinking {unknown}
 D - a scroll of magic mapping {unknown}
Potions
 p - a potion of flight {unknown}
 q - 2 potions of heal wounds {unknown}
 t - 2 potions of attraction {unknown}
 v - a potion of invisibility {unknown}
 w - a potion of haste {unknown}
 z - a potion of ambrosia {unknown}
 A - 2 potions of mutation {unknown}
 B - a potion of degeneration {unknown}
 G - a potion of cancellation {unknown}
 K - a potion of resistance {unknown}

Dungeon Overview and Level Annotations

Branches:
Dungeon (7/15)             Temple (1/1) D:5

Altars:
Ashenzari
Cheibriados
Dithmenos
Elyvilon
Fedhas
Gozag
Hepliaklqana
Kikubaaqudgha
Makhleb
Nemelex Xobeh
Okawaru
Qazlal
Ru
Sif Muna
Uskayaw
Vehumet
Wu Jian
Xom
Yredelemnul
Zin
The Shining One

Annotations:
D:5 1 runed translucent door

.. .# #..........
#.# .# #..........
.. .# #..........
#.##.## #?.........
..... #..........
#.#.# #.g........#
#.#.# #.)K)......#
#...# #.)@)......#
##..#
#..K)......#+###..##
#.........<......>.#
###................#
#................#
#................#
#................#
#.................
#................^


You could see a gnoll and 2 kobolds.


Message History

The kobold hits you but does no damage. x2
HP[+2]
You regained 2 hp, and now have 40/92 hp.
You closely miss the kobold. The kobold hits you but does no damage.
The gnoll hits you with a +0 flail.
* * * LOW HITPOINT WARNING * * *
The kobold hits you with a +0 club.
* * * LOW HITPOINT WARNING * * *
The gnoll hits you from afar with a +0 spear.
* * * LOW HITPOINT WARNING * * *
The kobold hits you with a +0 dagger.
* * * LOW HITPOINT WARNING * * *
The kobold closely misses you.
The kobold hits you with a +1 dagger of speed.
* * * LOW HITPOINT WARNING * * *
The kobold hits you but does no damage.
HP[-12]
You take 12 damage, and now have 28/92 hp.
You barely miss the gnoll. You block the kobold's attack.
The kobold closely misses you. The gnoll closely misses you.
You block the gnoll's attack.
The kobold hits you with a +0 short sword.
* * * LOW HITPOINT WARNING * * *
The kobold hits you but does no damage. x2
You barely miss the gnoll. You block the kobold's attack.
The gnoll hits you with a +0 flail.
* * * LOW HITPOINT WARNING * * *
The gnoll closely misses you. You block the kobold's attack.
The kobold hits you with a +0 short sword.
* * * LOW HITPOINT WARNING * * *
The kobold hits you with a +0 dagger.
* * * LOW HITPOINT WARNING * * *
The kobold hits you but does no damage.
HP[-7]
You take 7 damage, and now have 21/92 hp.
You mangle the gnoll!!
You kill the gnoll!
Okawaru accepts your kill.
The kobold hits you but does no damage. x2; You block the kobold's attack.
The kobold hits you but does no damage. The gnoll barely misses you.
The kobold barely misses you. You block the kobold's attack.
HP[+2]
You regained 2 hp, and now have 23/92 hp.
You miss the kobold. The kobold hits you with a +0 dagger.
* * * LOW HITPOINT WARNING * * *
The gnoll hits you from afar with a +0 spear.
* * * LOW HITPOINT WARNING * * *
The kobold hits you with a +0 club.
* * * LOW HITPOINT WARNING * * *
The kobold closely misses you.
The kobold hits you but does no damage. x2
HP[-6]
You take 6 damage, and now have 17/92 hp.
You eviscerate the kobold!!!
You kill the kobold!
Okawaru accepts your kill. The kobold hits you but does no damage.
You block the gnoll's attack. You block the kobold's attack.
The kobold hits you but does no damage. x2
HP[+2]
You regained 2 hp, and now have 19/92 hp.
You closely miss the kobold. The kobold hits you but does no damage.
The kobold barely misses you. The gnoll closely misses you.
The kobold hits you with a +0 club.
* * * LOW HITPOINT WARNING * * *
The kobold hits you with a +0 short sword.
* * * LOW HITPOINT WARNING * * *
The kobold barely misses you.
HP[-2]
You take 2 damage, and now have 17/92 hp.
You mangle the kobold!!
You kill the kobold!
The kobold hits you with a +1 dagger of speed.
* * * LOW HITPOINT WARNING * * *
The gnoll hits you from afar with a +0 spear.
* * * LOW HITPOINT WARNING * * *
The kobold barely misses you. x2
HP[-4]
You take 4 damage, and now have 13/92 hp.
You mangle the kobold!!
You kill the kobold!
Okawaru accepts your kill. The kobold hits you but does no damage.
The gnoll hits you from afar with a +0 spear.
* * * LOW HITPOINT WARNING * * *
The kobold hits you with a +0 club.
* * * LOW HITPOINT WARNING * * *
You block the kobold's attack.
HP[-6]
You take 6 damage, and now have 7/92 hp.
You miss the kobold.
The gnoll hits you from afar with a +0 spear.
* * * LOW HITPOINT WARNING * * *
The kobold hits you with a +1 dagger of speed.
* * * LOW HITPOINT WARNING * * *
You block the kobold's attack.
HP[-6]
You take 6 damage, and now have 1/92 hp.
You closely miss the kobold. You block the kobold's attack.
You block the gnoll's attack. You block the kobold's attack.
The kobold hits you with a +1 dagger of speed.
You die...

Skill      XL: |  1  2  3  4  5  6  7  8  9 |
---------------+----------------------------+-----
Unarmed Combat | 3 4 5 6 7 9 11 | 11.0
Fighting       | 4 6 |  6.9
Dodging        | |  2.4
Shields        | |  2.6

Action                   |  1- 3 |  4- 6 |  7- 9 || total
-------------------------+-------+-------+-------++-------
Melee: Unarmed           |   111 |    83 |   227 ||   421
  Use: Potion            |       |       |     1 ||     1
Armor: Robe              |    43 |    28 |    84 ||   155
Dodge: Dodged            |    25 |    24 |    99 ||   148
Block: Kite shield       |    50 |    31 |    85 ||   166

Levels and vault maps discovered:
D:1:      dpeg_arrival_ratfight, layout_basic,
          shapermc_ecumenical_altar_rom_forum
D:2:      layout_basic, basic_altar
D:3:      cheibrodos_helix_gallery, layout_rooms, serial_bayou_crossing
D:4:      layout_rooms, nicolae_overflow_hidden_temple
D:5:      lemuel_insect_pit, layout_loops_ring, okawaru_trees_1,
          minmay_temple_entry_overgrown, uniq_grinder
D:6:      layout_layer_cave, kennysheep_little_box, chei_slow_surprise,
          mainiacjoe_overflow_boulevard, lemuel_blue_sif_altar,
          uniq_prince_ribbit1, uniq_eustachio
D:7:      layout_basic, lightli_temple_of_fire, uniq_crazy_yiuf_cottage
Temple:   regret_index_temple_waves

Notes
Turn   | Place    | Note
-------+----------+-------------------------------------------
     0 | D:1      | zeratav the Troll Fighter began the quest for the Orb.
     0 | D:1      | Reached XP level 1. HP: 22/22 MP: 0/0
     0 | D:1      | magus.rc [v1.9.6]
   140 | D:1      | You pick up a book of Chaos and begin reading...
   140 | D:1      | You add the spells Conjure Ball Lightning, Disjunction and
                  | Discord to your library.
   203 | D:1      | Reached XP level 2. HP: 29/29 MP: 1/1
   483 | D:1      | Found a faded altar of an unknown god.
   491 | D:1      | Got Plato's Volume of Might
   525 | D:1      | Reached skill level 3 in Unarmed Combat
   735 | D:2      | Reached XP level 3. HP: 36/36 MP: 2/2
  1045 | D:2      | You add the spells Ignite Poison, Mephitic Cloud and
                  | Freezing Cloud to your library.
  1069 | D:2      | Found a sacrificial altar of Ru.
  1361 | D:2      | Reached skill level 4 in Unarmed Combat
  1584 | D:3      | Reached XP level 4. HP: 39/44 MP: 3/3
  1937 | D:3      | You pick up a book of Spectacle and begin reading...
  1937 | D:3      | You add the spells Dazzling Flash, Iskenderun's Mystic
                  | Blast and Starburst to your library.
  1993 | D:4      | Found a blossoming altar of Fedhas.
  2032 | D:4      | Identified the +1 leather armour of the Harvest Moon
                  | {Int+4}
  2071 | D:4      | Reached skill level 5 in Unarmed Combat
  2367 | D:5      | Entered Level 5 of the Dungeon
  2374 | D:4      | HP: 11/44 [gnoll shaman/+0 whip (11)]
  2374 | D:4      | HP: 1/44 [gnoll/+0 flail[a gnoll shaman] (10)]
  2381 | D:4      | HP: 10/44 [howler monkey (2)]
  2384 | D:4      | Reached XP level 5. HP: 6/50 MP: 4/4
  2421 | D:5      | Noticed an ice beast
  2425 | D:5      | Reached skill level 6 in Unarmed Combat
  2432 | D:5      | Killed an ice beast
  2433 | D:5      | Reached XP level 6. HP: 50/59 MP: 5/5
  2464 | D:5      | Noticed a water moccasin
  2465 | D:5      | Reached skill level 7 in Unarmed Combat
  2469 | D:5      | Killed a water moccasin
  2470 | D:5      | Reached XP level 7. HP: 64/66 MP: 6/6
  2523 | D:5      | Found an iron altar of Okawaru.
  2543 | D:5      | Reached skill level 8 in Unarmed Combat
  2647 | D:5      | Became a worshipper of Warmaster Okawaru
  2814 | D:5      | Found a staircase to the Ecumenical Temple.
  2822 | D:5      | Reached skill level 9 in Unarmed Combat
  2912 | Temple   | Entered the Ecumenical Temple
  3126 | D:5      | Found a runed translucent door.
  3128 | D:5      | Found a runed translucent door.
  3128 | D:5      | Noticed a vampire mosquito
  3131 | D:5      | Noticed Grinder
  3140 | D:5      | Killed Grinder
  3140 | D:5      | Reached * piety under Okawaru
  3141 | D:5      | Reached XP level 8. HP: 74/74 MP: 7/7
  3174 | D:5      | Reached skill level 10 in Unarmed Combat
  3352 | D:6      | Reached ** piety under Okawaru
  3412 | D:6      | Found a snail-covered altar of Cheibriados.
  3459 | D:6      | Reached skill level 11 in Unarmed Combat
  3462 | D:6      | Reached skill level 3 in Fighting
  3648 | D:6      | Reached skill level 4 in Fighting
  3648 | D:6      | HP: 16/73 [wight/+0 trident (11)]
  3649 | D:6      | HP: 4/71 [wight/+0 trident (7)]
  3649 | D:6      | HP: 1/69 [wight/+0 trident (3)]
  3747 | D:6      | Found a basalt altar of Yredelemnul.
  3773 | D:6      | Noticed Prince Ribbit
  3779 | D:6      | Killed Prince Ribbit
  3780 | D:6      | Reached XP level 9. HP: 51/87 MP: 8/8
  3785 | D:6      | Reached skill level 5 in Fighting
  3983 | D:6      | Found a shimmering blue altar of Sif Muna.
  4454 | D:6      | Noticed Eustachio
  4517 | D:6      | Killed Eustachio
  4718 | D:6      | Reached skill level 6 in Fighting
  4775 | D:6      | Reached *** piety under Okawaru
  4882 | D:6      | Found a stormy altar of Qazlal.
  5039 | D:7      | HP: 22/92 [kobold/+0 short sword (2)]
  5044 | D:7      | HP: 17/92 [kobold/+1 dagger of speed (2)]
  5045 | D:7      | HP: 7/92 [kobold/+0 club (4)]
  5046 | D:7      | HP: 1/92 [kobold/+1 dagger of speed (3)]
  5047 | D:7      | Slain by a kobold

Vanquished Creatures
  Prince Ribbit (D:6)
  Grinder (D:5)
  Eustachio (D:6)
  A vampire mosquito (D:5)
  2 water moccasins
  2 ice beasts
  2 centaurs (D:6)
  An ogre (D:6)
  A phantom (D:5)
  A kobold brigand (D:7)
  A bullfrog (D:6)
  A necrophage (D:6)
  6 scorpions
  4 wights (D:6)
  A howler monkey (D:4)
  3 hounds
  2 jellies
  2 gnoll shamans
  2 iguanas
  7 orc wizards
  9 adders
  17 gnolls
  An ufetubus (D:5)
  A worm (D:6)
  A dart slug (D:5)
  7 orcs
  An endoplasm (D:4)
  11 giant cockroaches
  5 goblins
  7 hobgoblins
  2 quokkas
  5 ball pythons
  5 bats
  4 frilled lizards
  5 kobolds (D:7)
  7 rats
130 creatures vanquished.

Table legend:
 A = Non-vault XP
 B = Vault XP
 C = Vault XP percentage of total XP
 D = Non-vault monster count
 E = Vault monster count
 F = Vault count percentage of total count
                 A         B        C        D         E       F
            +---------+---------+-------+---------+---------+-------
      Total |    2879 |    1312 |  31.3 |     109 |      21 |  16.2
            +---------+---------+-------+---------+---------+-------
        D:1 |      16 |       5 |  23.8 |      11 |       5 |  31.2
        D:2 |      53 |       0 |   0.0 |      16 |       0 |   0.0
        D:3 |      76 |       4 |   5.0 |      11 |       2 |  15.4
        D:4 |     149 |       0 |   0.0 |      10 |       0 |   0.0
        D:5 |     938 |     810 |  46.3 |      28 |      11 |  28.2
        D:6 |    1213 |     493 |  28.9 |      19 |       3 |  13.6
        D:7 |     434 |       0 |   0.0 |      14 |       0 |   0.0
            +---------+---------+-------+---------+---------+-------

Illustrated notes

Table legend:
 A = Kills in this place as a percentage of kills in entire the game.
 B = Kills by you in this place as a percentage of kills by you in the entire game.
 C = Kills by friends in this place as a percentage of kills by friends in the entire game.
 D = Other kills in this place as a percentage of other kills in the entire game.
 E = Experience gained in this place as a percentage of experience gained in the entire game.
 F = Experience gained in this place divided by the number of levels of this place that you have seen.
                   A       B       C       D       E      F
               +-------+-------+-------+-------+-------+----------------------
         Total | 100.0 | 100.0 |   N/A |   N/A | 100.0 | 523.9
       Dungeon | 100.0 | 100.0 |   N/A |   N/A | 100.0 | 598.7
               +-------+-------+-------+-------+-------+----------------------

Table legend: (Time is in decaauts)
 A = Elapsed time spent in this place.
 B = Non-inter-level travel time spent in this place.
 C = Inter-level travel time spent in this place.
 D = Time resting spent in this place.
 E = Time spent auto-exploring this place.
 F = Levels seen in this place.
 G = Mean time per level.
                   A        B        C        D        E       F      G
               +--------+--------+--------+--------+--------+-----+--------+
         Total |   5053 |   4820 |    233 |    377 |   3493 |   8 |  631.6 |
       Dungeon |   4921 |   4745 |    176 |    377 |   3430 |   7 |  703.0 |
        Temple |    132 |     75 |     57 |      0 |     62 |   1 |  132.0 |
               +--------+--------+--------+--------+--------+-----+--------+

Top non-repeatable levels by time:
     D:6: 1578 daAuts
     D:2: 904 daAuts
     D:5: 800 daAuts
     D:1: 655 daAuts
     D:4: 461 daAuts
     D:3: 403 daAuts
  Temple: 132 daAuts
     D:7: 118 daAuts
